Description

Copy of TeamLiquids "Build order 2" opener.

Build Order

Get SALT Encoding   

  14  0:27  Overlord  
  14  0:55  Hatchery  Macro Hatchery
  19  1:35  Extractor  
  21  1:50  Extractor  
  24  2:40  Hatchery  Macro Hatchery
  28  3:25  Spawning Pool  
  33  3:50  Overlord  
  33  4:10  Hatchery  Destroy expansion rocks with Kerri, build Hatch/Ext's.
Spawning Tool Build Advisor. Get it on Overwolf

Go to:

Details

  • Created by: Rezlin
  • Published on: Aug 16, 2019
  • Modified on: Aug 17, 2019
  • Patch: 4.7.1
Show
View Real Time Build Order
Export as new Build Order

Comments (1)

On Dec. 12, 2019, 1:29 a.m., sarasaad  said:

https://ssexsex.ml

Create an account to comment!